 Dungeon Crawl Stone Soup version 0.31-a0-152-g6aa68a64a1 (webtiles) character file.

Game seed: 16193365228671552916

86 qw the Shooter (level 4, 0/38 HPs)
             Began as a Minotaur Hunter on June 9, 2023.
             Slain by a goblin
             ... wielding a +0 club
             ... led by Robin
              (3 damage)
             ... on level 3 of the Dungeon.
             The game lasted 00:00:47 (1571 turns).

qw the Shooter (Minotaur Hunter)                    Turns: 1571, Time: 00:00:48

Health: 0/38       AC:  5    Str: 15    XL:     4   Next: 26%
Magic:  3/3        EV: 11    Int:  6    God:
Gold:   139        SH:  0    Dex: 16    Spells: 3/3 levels left

rFire   . . .        Y - +0 shortbow
rCold   . . .        (shield currently unavailable)
rNeg    . . .        e - +0 ring mail
rPois   .            (helmet restricted)
rElec   .            (no cloak)
rCorr   .            (no gloves)
SInv    .            (no boots)
Will    .....        (no amulet)
Stlth   +            (no ring)
HPRegen 0.26/turn    (no ring)
MPRegen 0.08/turn

%: no passive effects
@: no status effects
A: horns 2, retaliatory headbutt
a: no special abilities


You were on level 3 of the Dungeon.
You visited 1 branch of the dungeon, and saw 3 of its levels.

You collected 139 gold pieces.


Innate Abilities, Weirdness & Mutations

You have a pair of horns on your head.
You reflexively headbutt those who attack you in melee.


   Skills:
 - Level 3.0 Fighting
 + Level 5.7 Ranged Weapons
 - Level 2.1 Armour
 - Level 2.1 Dodging
 - Level 0.7 Stealth


You had 3 spell levels left.
You didn't know any spells.
Your spell library was empty.

Inventory:

Hand Weapons
 Y - a +0 shortbow (weapon)
Armour
 a - a +4 ring mail of poison resistance
 e - a +0 ring mail (worn)
Scrolls
 i - a scroll of identify
Potions
 j - a potion of curing {unknown}

Dungeon Overview and Level Annotations

Branches:
Dungeon (3/15)

Altars:

Shops:
D:1 :

Annotations:
D:3 Robin


Message History

The goblin is severely wounded.
A goblin comes into view. It is wielding a +0 club.
Robin roars a battlecry!
The goblins go into a battle-frenzy!
The goblin barely misses you. You furiously retaliate!
You headbutt the goblin.
You kill the goblin!
You hear a shout!
You shoot an arrow. The arrow hits the hobgoblin.
The hobgoblin is moderately wounded.
The hobgoblin closely misses you. Robin throws the goblin at you!
You shoot an arrow. The arrow barely misses the hobgoblin.
The goblin hits you but does no damage.
The hobgoblin hits you but does no damage.
Robin says, "Bow before me, strongest of all the hobgoblins!"
You shoot an arrow. The arrow closely misses the hobgoblin.
The goblin hits you with a +0 club. The hobgoblin barely misses you. x2
The goblin hits you with a +0 club.
You shoot an arrow. The arrow closely misses the hobgoblin.
The arrow hits the goblin.
The goblin is moderately wounded.
The goblin closely misses you. You furiously retaliate!
You headbutt the goblin!
You kill the goblin!
The hobgoblin barely misses you.
A goblin comes into view. It is wielding a +0 club.
You shoot an arrow. The arrow hits the hobgoblin.
The hobgoblin is heavily wounded.
You shoot an arrow. The arrow barely misses the hobgoblin.
The hobgoblin barely misses you.
You shoot an arrow.
The arrow hits the hobgoblin but does no damage.
The hobgoblin is heavily wounded.
The hobgoblin hits you but does no damage.
The goblin closely misses you. You furiously retaliate!
You headbutt the goblin. The hobgoblin hits you. Robin misses you.
You furiously retaliate!
You headbutt Robin! The goblin hits you with a +0 club.
You shoot an arrow.
The arrow hits Robin but does no damage.
Robin is severely wounded.
Robin hits you with a +0 dagger. The goblin hits you with a +0 club.
You die...

#.# #.# .. ....
# #.# #.#.# . ..
...) )...^..
#.#.#%#.#.#..
.......$...#
#.#.#g#g#.#.#
.....)g@)..#####
.#.#.#g#)#......
..........####
########...#
...........####
#####........#
.##
..####..........
...
.........77...##
.##
##.##.........#


You could see Robin, a hobgoblin (strong) and 2 goblins.

Vanquished Creatures
  Ijyb (D:3)
  An adder (D:2)
  A dart slug (D:1)
  4 endoplasms
  11 goblins
  9 hobgoblins
  5 kobolds (D:2)
  2 quokkas
  4 ball pythons
  2 bats (D:2)
  3 frilled lizards
  2 rats (D:1)
45 creatures vanquished.

Notes
Turn   | Place    | Note
-------+----------+-------------------------------------------
     0 | D:1      | qw the Minotaur Hunter began the quest for the Orb.
     0 | D:1      | Reached XP level 1. HP: 18/18 MP: 0/0
     0 | D:1      | 0 ||| qw: Version: 0.2-a-122-gbc61b45
     0 | D:1      | 0 ||| qw: Game counter: 3253
     0 | D:1      | 0 ||| qw: Always use a shield: true
     0 | D:1      | 0 ||| qw: God list: Okawaru
     0 | D:1      | 0 ||| qw: Allow faded altars: false
     0 | D:1      | 0 ||| qw: Do Orc after D:15 true
     0 | D:1      | 0 ||| qw: Do second Lair branch before Depths: true
     0 | D:1      | 0 ||| qw: Lair rune preference: random
     0 | D:1      | 0 ||| qw: Plans: Normal
     0 | D:1      | 0 ||| PLANNING D:1-11
   129 | D:1      | 129 ||| FLEEEEING.
   136 | D:1      | 136 ||| FLEEEEING.
   185 | D:1      | Found Idih's Book Shop.
   384 | D:1      | Reached XP level 2. HP: 25/25 MP: 1/1
   435 | D:1      | Reached skill level 5 in Ranged Weapons
   748 | D:1      | 748 ||| DROPPING ring of magical power.
   749 | D:1      | 749 ||| READING scroll labelled TIFEAS SAEMO.
   750 | D:1      | 750 ||| READING scroll labelled VETHRE NUGYEMM.
   751 | D:1      | 751 ||| READING 3 scrolls labelled BAL LAECSIGH.
   752 | D:1      | 752 ||| READING 2 scrolls of identify.
   752 | D:1      | 752 ||| IDENTIFYING amethyst potion
   753 | D:1      | 753 ||| DROPPING scroll of butterflies.
   755 | D:1      | 755 ||| Stepping ~*~*~tactically~*~*~ (cloud).
   910 | D:2      | Reached skill level 3 in Fighting
   962 | D:2      | Reached XP level 3. HP: 31/31 MP: 2/2
  1276 | D:2      | 1276 ||| UPGRADING to +0 ring mail.
  1286 | D:2      | 1286 ||| DROPPING +0 leather armour.
  1287 | D:2      | 1287 ||| READING scroll labelled KESKOR WEPUO.
  1288 | D:2      | 1288 ||| READING scroll labelled QEFIFA ARGHOJAT.
  1291 | D:2      | 1291 ||| DRINKING 2 glowing yellow potions.
  1332 | D:2      | 1332 ||| READING 3 scrolls of identify.
  1332 | D:2      | 1332 ||| IDENTIFYING cyan potion
  1333 | D:2      | 1333 ||| READING 2 scrolls of identify.
  1333 | D:2      | 1333 ||| IDENTIFYING fizzy green potion
  1334 | D:2      | 1334 ||| DROPPING potion of lignification.
  1335 | D:2      | 1335 ||| DROPPING potion of attraction.
  1336 | D:2      | 1336 ||| DROPPING potion of enlightenment.
  1382 | D:3      | Noticed Ijyb
  1387 | D:3      | HP: 1/31 [disintegration (18)]
  1388 | D:3      | 1388 ||| DRINKING potion of heal wounds.
  1397 | D:3      | Killed Ijyb
  1398 | D:3      | Reached XP level 4. HP: 20/38 MP: 3/3
  1467 | D:3      | Noticed an ice beast
  1562 | D:3      | Noticed Robin
  1570 | D:3      | HP: 8/38 [hobgoblin (6)]
  1571 | D:3      | HP: 3/38 [Robin/+0 dagger (1)]
  1571 | D:3      | Slain by a goblin

Levels and vault maps discovered:
D:1:      tarquinn_simple_flora_water_f, layout_loops_cross, serial_shops,
          nicolae_shop_trees, chequers_avenue
D:2:      layout_rooms, hangedman_decor_clover_reticule
D:3:      layout_loops_ring, shapermc_ecumenical_altar_gd, chequers_garden,
          hex_large, minivault_24, lightli_corner_chamber, uniq_robin,
          uniq_ijyb, uniq_crazy_yiuf_cottage

Skill      XL: |  1  2  3 |
---------------+----------+-----
Ranged Weapons | 5 |  5.7
Fighting       | 3 |  3.0
Armour         | 2 |  2.1
Dodging        | |  2.1
Stealth        | |  0.7

Action                     |  1- 3 |  4- 6 || total
---------------------------+-------+-------++-------
   Fire: Shortbow          |    97 |    33 ||   130
    Use: Scroll            |     8 |       ||     8
         Potion            |     2 |       ||     2
 Armour: Leather armour    |     4 |       ||     4
         Ring mail         |     3 |    10 ||    13
  Dodge: Dodged            |    16 |    21 ||    37

Table legend:
 A = Non-vault XP
 B = Vault XP
 C = Vault XP percentage of total XP
 D = Non-vault monster count
 E = Vault monster count
 F = Vault count percentage of total count
                 A         B        C        D         E       F
            +---------+---------+-------+---------+---------+-------
      Total |      68 |      55 |  44.7 |      35 |      10 |  22.2
            +---------+---------+-------+---------+---------+-------
        D:1 |      22 |       0 |   0.0 |      14 |       0 |   0.0
        D:2 |      38 |       0 |   0.0 |      17 |       0 |   0.0
        D:3 |       8 |      55 |  87.3 |       4 |      10 |  71.4
            +---------+---------+-------+---------+---------+-------
